 Dungeon Crawl Stone Soup version 0.24.0-7-gb3623d2c88 (webtiles) character file.

Game seed: 3836425755042633589, levelgen mode: deterministic

130 Aviak the Charmwright (level 4, -1/38 HPs)
             Began as a Draconian Skald on Nov 2, 2019.
             Succumbed to a water moccasin's poison
             ... on level 3 of the Dungeon.
             The game lasted 00:03:04 (2037 turns).

Aviak the Charmwright (Draconian Skald)             Turns: 2037, Time: 00:03:04

Health: -1/38      AC:  6    Str: 13    XL:     4   Next: 89%
Magic:  4/8        EV: 13    Int: 19    God:
Gold:   124        SH:  3    Dex: 15    Spells: 0/8 levels left

rFire    . . .     SeeInvis .   a - +0 spear
rCold    . . .     Gourm    .   (no shield)
rNeg     . . .     Faith    .   (armour unavailable)
rPois    +         Spirit   .   (helmet restricted)
rElec    +         Reflect  +   (no cloak)
rCorr    .         Harm     .   (no gloves)
MR       +....                  f - +0 pair of boots (curse)
Stlth    +.........             k - +3 amulet of reflection
HPRegen  1.12/turn              b - +4 ring of dexterity
MPRegen  0.11/turn              l - +5 ring of intelligence

@: lethally poisoned (-1 -> -6), infused, regenerating
A: unfitting armour, blurry vision 1, magic resistance 1, poison resistance,
electricity resistance, cold-blooded, AC +5
a: no special abilities


You were on level 3 of the Dungeon.
You were not hungry.

You visited 1 branch of the dungeon, and saw 3 of its levels.

You collected 124 gold pieces.

Inventory:

Hand Weapons
 a - a +0 spear (weapon)
Armour
 f - a cursed +0 pair of boots (worn)
Jewellery
 b - a +4 ring of dexterity (left hand)
 k - a +3 amulet of reflection (around neck)
 l - a +5 ring of intelligence (right hand)
Scrolls
 d - a scroll of fear {unknown}
 e - a scroll of amnesia {unknown}
 h - a scroll of blinking {unknown}
 i - 2 scrolls of identify
 r - 2 scrolls of remove curse
Comestibles
 c - 8 rations


   Skills:
 + Level 3.1 Fighting
 + Level 2.9 Polearms
 + Level 2.8 Dodging
 + Level 2.7 Spellcasting
 + Level 3.3 Charms


You couldn't memorise any spells.
You knew the following spells:

 Your Spells              Type           Power        Failure   Level  Hunger
a - Infusion              Chrm           ###.         4%          1    None
b - Song of Slaying       Chrm           ###.....     6%          2    ##.....
c - Regeneration          Chrm/Necr      #.........   24%         3    ###....
d - Shroud of Golubria    Chrm/Tloc      #.....       12%         2    ##.....

Your spell library contained the following spells:

 Spells                   Type           Power        Failure   Level  Hunger
 Spectral Weapon          Hex/Chrm       #.......     24%         3    ###....


Dungeon Overview and Level Annotations

Branches:
Dungeon (3/15)

Altars:
Elyvilon
Fedhas
Yredelemnul


Innate Abilities, Weirdness & Mutations

Your plain brown scales are hard. (AC +5)
You cannot fit into any form of body armour.
You are cold-blooded and may be slowed by cold attacks.
Scrolls take you a little longer to read.
You are resistant to hostile enchantments. (MR+)
Your system is resistant to poisons. (rPois)
You are resistant to electric shocks. (rElec)


Message History

The water moccasin is heavily wounded.
The water moccasin closely misses you. The water moccasin closely misses you.
Casting: Infusion (safe; 4% risk of failure)
Confirm with . or Enter, or press ? or * to list all spells.
Your skin crawls.
The water moccasin bites you.
* * * LOW HITPOINT WARNING * * *
You are poisoned.
The water moccasin poisons you!
You barely miss the water moccasin.
The water moccasin is heavily wounded.
You feel sick. The water moccasin bites you.
* * * LOW HITPOINT WARNING * * *
You are more poisoned.
The water moccasin poisons you!
The water moccasin completely misses you.
It was a potion of mutation.
You feel extremely strange.
You feel resistant to hostile enchantments.
Your vision blurs.
You feel resistant to poisons.
You feel insulated.
You die...

######## #......#
###......#
.#########........#
..................#
.#
######@##......######
##. ##S####.........#
####.. #.S#
#.........#
.##S...########.##
#....†....#
S...)..##.......#
##÷)......#
#..[.≈≈≈.###
#........#
#.....≈%≈.#
#........#
#.###.≈≈≈.#
#..†.....# #. #.....#
#.)†.....#


You could see a water moccasin and an adder.

Vanquished Creatures
  A worker ant (D:3)
  6 adders
  A dart slug (D:1)
  A worm (D:3)
  3 leopard geckos
  2 orcs (D:3)
  A ball python (D:3)
  5 giant cockroaches
  2 goblins
  5 hobgoblins
  6 jackals
  A quokka (D:3)
  4 bats
  A kobold (D:3)
  5 rats
44 creatures vanquished.

Notes
Turn   | Place    | Note
-------+----------+-------------------------------------------
     0 | D:1      | Aviak the Draconian Skald began the quest for the Orb.
     0 | D:1      | Reached XP level 1. HP: 17/17 MP: 3/3
   360 | D:1      | Reached XP level 2. HP: 25/25 MP: 5/5
   961 | D:2      | Reached XP level 3. HP: 28/30 MP: 1/6
  1307 | D:2      | Found a basalt altar of Yredelemnul.
  1549 | D:2      | Found a white marble altar of Elyvilon.
  1624 | D:2      | Reached XP level 4. HP: 34/37 MP: 3/7
  1649 | D:2      | Found a blossoming altar of Fedhas.
  1796 | D:3      | Learned a level 2 spell: Song of Slaying
  1799 | D:3      | Learned a level 2 spell: Shroud of Golubria
  1803 | D:3      | Learned a level 3 spell: Regeneration
  2013 | D:3      | Noticed a water moccasin
  2036 | D:3      | HP: 1/38 [water moccasin (6)]
  2037 | D:3      | Gained mutation: You are resistant to hostile enchantments.
                  | (MR+) [potion of mutation]
  2037 | D:3      | Gained mutation: Scrolls take you a little longer to read.
                  | [potion of mutation]
  2037 | D:3      | Gained mutation: Your system is resistant to poisons.
                  | (rPois) [potion of mutation]
  2037 | D:3      | Gained mutation: You are resistant to electric shocks.
                  | (rElec) [potion of mutation]
  2037 | D:3      | Succumbed to a water moccasin's poison

Levels and vault maps discovered:
D:1:      tarquinn_simple_flora_water_f, layout_basic
D:2:      layout_loops_ring, kennysheep_ying_yang, fedhas_altar_4, first_ration
D:3:      layout_rooms, corexii_item_surrounded_by_moat,
          kennysheep_generic_room_6

Skill      XL: |  1  2  3  4 |
---------------+-------------+-----
Charms         | 3 |  3.3
Fighting       | 3 |  3.1
Polearms       | |  2.9
Dodging        | |  2.8
Spellcasting   | |  2.7

Action                   |  1- 3 |  4- 6 || total
-------------------------+-------+-------++-------
Melee: Spear             |   142 |    62 ||   204
       Tailslap          |    11 |    11 ||    22
 Cast: Infusion          |     5 |     4 ||     9
       Regeneration      |       |     1 ||     1
       Shroud of Golubri |       |     1 ||     1
  Use: Scroll            |     2 |       ||     2
       Potion            |       |     2 ||     2
 Stab: Sleeping          |     2 |     1 ||     3
  Eat: Chunk             |     2 |     2 ||     4
Armor: Skin              |    33 |    20 ||    53
Dodge: Dodged            |    77 |    33 ||   110
Block: Other             |    10 |     9 ||    19
